 Dungeon Crawl Stone Soup version 0.29-a0-369-gd956c00756 (webtiles) character file.

Game seed: 11319296318702185529

18210 frimble the Slicer (level 12, -6/97 HPs)
             Began as a Gnoll Cinder Acolyte on May 2, 2022.
             Was a Follower of Cheibriados.
             Mangled by a fire elemental (12 damage)
             ... created by the fiery vengeance of Ignis
             ... on level 11 of the Dungeon.
             The game lasted 00:20:31 (13445 turns).

frimble the Slicer (Gnoll Cinder Acolyte)          Turns: 13445, Time: 00:20:32

Health: -6/97      AC: 13    Str: 22    XL:     12   Next: 56%
Magic:  24/24      EV: 14    Int: 18    God:    Cheibriados [*.....]
Gold:   651        SH:  0    Dex: 12    Spells: 13/27 levels left

rFire   . . .      SeeInvis +   A - +4 scimitar (freeze)
rCold   . . .      Faith    .   (no shield)
rNeg    . . .      Spirit   .   u - +2 troll leather armour
rPois   .          Reflect  .   E - +0 helmet {SInv}
rElec   .          Harm     .   a - +0 cloak {rCorr}
rCorr   +          Rampage  .   F - +1 pair of gloves
Will    .....                   G - +0 pair of boots
Stlth   +++.......              K - amulet of regeneration
HPRegen 1.86/turn               o - +6 ring of strength
MPRegen 0.19/turn               z - ring of flight

@: flying, fire susceptible, very slow
A: fangs 1, strong nose, distributed training
a: Renounce Religion, Bend Time


You were on level 11 of the Dungeon.
You worshipped Cheibriados.
Cheibriados was aware of your devotion.
You visited 4 branches of the dungeon, and saw 16 of its levels.

You collected 651 gold pieces.

Inventory:

Hand Weapons
 j - a +1 scimitar of flaming
 n - the +6 mace "Nestrire" {holy, Int-2 Dex+4 SInv}
   (You found it on level 3 of the Dungeon)

   It has been blessed by the Shining One to cause great damage to the undead
   and demons.
   Int:       It affects your intelligence (-2).
   Dex:       It affects your dexterity (+4).
   SInv:      It lets you see invisible.
 A - a +4 scimitar of freezing (weapon)
Missiles
 h - 8 javelins
 C - 2 curare-tipped darts
Armour
 a - a +0 cloak of preservation (worn)
 u - a +2 troll leather armour (worn)
 E - a +0 helmet of see invisible (worn)
 F - a +1 pair of gloves (worn)
 G - a +0 pair of boots (worn)
Jewellery
 i - a ring of willpower
 k - a ring of ice
 o - a +6 ring of strength (left hand)
 z - a ring of flight (right hand)
 K - an amulet of regeneration (around neck)
 O - a ring of positive energy
Wands
 c - a wand of acid (11)
 m - a wand of flame (4)
 p - a wand of mindburst (8) (quivered)
 t - a wand of polymorph (8)
 y - a wand of iceblast (18)
Scrolls
 b - a scroll of immolation
 e - 3 scrolls of magic mapping
 g - 4 scrolls of teleportation
 v - 2 scrolls of enchant armour
 w - a scroll of amnesia
 D - a scroll of holy word
 H - 4 scrolls of identify
 L - 2 scrolls of blinking
Potions
 d - a potion of brilliance
 f - 3 potions of might
 l - 4 potions of haste
 q - 3 potions of magic
 r - 2 potions of degeneration {unknown}
 s - 2 potions of lignification {unknown}
 x - 2 potions of ambrosia {unknown}
 I - a potion of curing
 J - 3 potions of flight
 N - 2 potions of resistance {unknown}
 P - a potion of heal wounds
Miscellaneous
 B - a lightning rod (4/4)
 M - a phantom mirror (inert)


   Skills:
 + Level 10.0 Fighting
 + Level 10.0 Short Blades
 + Level 7.4 Long Blades
 + Level 7.4 Axes
 + Level 7.4 Maces & Flails
 + Level 7.4 Polearms
 + Level 7.4 Staves
 + Level 7.4 Slings
 + Level 7.4 Bows
 + Level 7.4 Crossbows
 + Level 7.4 Throwing
 + Level 7.4 Armour
 + Level 7.4 Dodging
 + Level 7.4 Stealth
 + Level 7.4 Shields
 + Level 7.4 Unarmed Combat
 + Level 8.0 Spellcasting
 + Level 6.1 Conjurations
 + Level 6.1 Hexes
 + Level 6.1 Summonings
 + Level 6.1 Necromancy
 + Level 6.1 Translocations
 + Level 6.1 Transmutations
 + Level 8.3 Fire Magic
 + Level 6.1 Ice Magic
 + Level 6.1 Air Magic
 + Level 6.1 Earth Magic
 + Level 6.1 Poison Magic
 + Level 8.1 Invocations
 + Level 7.4 Evocations


You had 13 spell levels left.
You knew the following spells:

 Your Spells              Type           Power      Damage    Failure   Level
a - Scorch                Fire           74%        2d9       1%          2
b - Apportation           Tloc           58%        N/A       1%          1
c - Statue Form           Tmut/Erth      19%        N/A       78%         6
d - Lee's Rapid Deconstr  Erth           14%        3d10*     24%         5

Your spell library contained the following spells:

 Spells                   Type           Power      Damage    Failure   Level
 Animate Skeleton         Necr           58%        N/A       1%          1
 Beastly Appendage        Tmut           58%        N/A       1%          1
 Magic Dart               Conj           100%       1d8       1%          1
 Summon Small Mammal      Summ           100%       N/A       1%          1
 Ensorcelled Hibernation  Hex/Ice        58%        N/A       1%          2
 Searing Ray              Conj           58%        2d6       1%          2
 Wereblood                Tmut           29%        N/A       1%          2
 Ignite Poison            Fire/Tmut/Pois 32%        N/A       1%          3
 Mephitic Cloud           Conj/Pois/Air  29%        N/A       2%          3
 Spider Form              Tmut/Pois      29%        N/A       2%          3
 Stone Arrow              Conj/Erth      58%        3d10      2%          3
 Tukima's Dance           Hex            29%        N/A       2%          3
 Anguish                  Hex/Necr       14%        N/A       9%          4
 Animate Armour           Summ/Erth      58%        N/A       9%          4
 Fulminant Prism          Conj/Hex       14%        3d9       9%          4
 Leda's Liquefaction      Hex/Erth       14%        N/A       9%          4
 Alistair's Intoxication  Tmut/Pois      19%        N/A       24%         5
 Freezing Cloud           Conj/Ice/Air   14%        6-21      24%         5
 Enfeeble                 Hex            14%        N/A       100%        7
 Lehudib's Crystal Spear  Conj/Erth      14%        10d5      100%        8


Dungeon Overview and Level Annotations

Branches:
Dungeon (12/15)            Temple (1/1) D:4            Lair (2/6) D:10
  Swamp (0/4) Lair:2       Spider (0/4) Lair:2          Orc (1/2) D:10

Altars:
Ashenzari
Cheibriados
Dithmenos
Elyvilon
Fedhas
Gozag
Hepliaklqana
Kikubaaqudgha
Makhleb
Nemelex Xobeh
Okawaru
Qazlal
Ru
Sif Muna
Trog
Uskayaw
Vehumet
Wu Jian
Xom
Yredelemnul
Zin
The Shining One

Shops:
Orc:1 *

Annotations:
D:11 3 runed translucent doors, 1 exclusion, Psyclone's ghost, journeyman OpIE
Lair:1 1 runed translucent door, frimble's ghost, journeyman GnCA
Lair:2 2 runed translucent doors, diecastcamel's ghost, journeyman TrFi
Orc:1 Erolcha


Innate Abilities, Weirdness & Mutations

You have very sharp teeth.
Your uncanny sense of smell can sniff out nearby items.
Your experience applies equally to all skills.


Message History

The fire elemental is severely damaged.
You closely miss the fire elemental. Your punch misses the fire elemental.
The fire elemental is severely damaged.
The fire elemental hits you. The fire elemental burns you!
The fire elemental hits you. The fire elemental burns you!
You closely miss the fire elemental.
The fire elemental is severely damaged.
The fire elemental misses you. x2
You barely miss the fire elemental. Your bite misses the fire elemental.
The fire elemental is severely damaged.
The fire elemental hits you. The fire elemental burns you!
The fire elemental completely misses you.
The fire elemental misses you. The fire elemental hits you.
The fire elemental burns you!
You barely miss the fire elemental. You punch the fire elemental.
You bite the fire elemental, but do no damage.
The fire elemental is almost destroyed.
The fire elemental hits you. The fire elemental burns you!
The fire elemental hits you. The fire elemental burns you!
You barely miss the fire elemental.
The fire elemental is almost destroyed.
The fire elemental hits you. The fire elemental burns you!
The fire elemental hits you. The fire elemental burns you!
* * * LOW HITPOINT WARNING * * *
Okay, then.
Okay, then.
Unknown command.
Casting: Lee's Rapid Deconstruction (dangerous; 24% risk of failure)
Confirm with . or Enter, or press ? or * to list all spells.
Okay, then.
Unknown command.
You hit the fire elemental but do no damage.
The fire elemental is almost destroyed.
The fire elemental misses you. The fire elemental hits you.
The fire elemental burns you!
* * * LOW HITPOINT WARNING * * *
The fire elemental hits you. The fire elemental burns you!
* * * LOW HITPOINT WARNING * * *
The fire elemental hits you. The fire elemental burns you!
You die...

##### #.#.#######
#######.#@E......
#.......#E#######
#.#####.#.#####.
#.#.............#
#.#.###.#.#####.#
#.#...#.#.#
#.#.#.#.#.# ######
#.#.#.#.#.#
.....###.#.#.#.#.#
#Y#


You could see 2 fire elementals.

Vanquished Creatures
  A dire elephant (Lair:2)
  Josephine (D:11)
  A hydra (Lair:2)
  2 two-headed ogres
  A swamp dragon (Lair:2)
  6 elephants (Lair:2)
  5 cane toads
  A gargoyle (D:11)
  Maggie (D:10)
  5 trolls
  A hornet (D:9)
  3 blink frogs (Lair:1)
  A centaur simulacrum (D:9)
  A shadow (D:11)
  3 wraiths (D:11)
  16 yaks
  2 wyverns
  3 fire elementals (D:9)
  A redback (Lair:2)
  Edmund (D:6)
  An acid dragon (D:9)
  5 water moccasins
  7 orc warriors
  3 ice beasts
  6 wolves
  3 ogres
  A boggart (D:7)
  4 centaurs
  2 phantoms
  2 kobold brigands (D:9)
  7 bullfrogs
  2 necrophages
  3 jellies
  4 wights (D:8)
  6 killer bees (D:9)
  3 howler monkeys
  4 electric eels (D:10)
  4 hounds
  5 orc priests
  2 iguanas (Lair:2)
  Crazy Yiuf (D:3)
  15 orc wizards
  3 gnolls (D:3)
  4 adders
  A white imp (D:6)
  3 ufetubi
  2 worms
  2 dart slugs
  34 orcs
  7 bats
  11 endoplasms
  6 giant cockroaches
  8 hobgoblins
  3 quokkas
  9 ball pythons
  A frilled lizard (D:2)
  5 goblins
  15 kobolds
  3 rats
263 creatures vanquished.

Vanquished Creatures (others)
  21 foxfires (Lair:2)
  5 fungi
  35 plants
61 creatures vanquished.

Grand Total: 324 creatures vanquished

Notes
Turn   | Place    | Note
-------+----------+-------------------------------------------
     0 | D:1      | frimble the Gnoll Cinder Acolyte began the quest for the
                  | Orb.
     0 | D:1      | Reached XP level 1. HP: 23/23 MP: 4/4
   513 | D:1      | Reached XP level 2. HP: 22/29 MP: 5/5
   528 | D:1      | Learned a level 2 spell: Scorch
   835 | D:1      | Found a faded altar of an unknown god.
  1206 | D:2      | Reached XP level 3. HP: 22/35 MP: 2/7
  1568 | D:2      | Reached skill level 1 in Invocations
  2062 | D:2      | Reached skill level 1 in Long Blades
  2062 | D:2      | Reached skill level 1 in Axes
  2062 | D:2      | Reached skill level 1 in Maces & Flails
  2062 | D:2      | Reached skill level 1 in Polearms
  2062 | D:2      | Reached skill level 1 in Staves
  2062 | D:2      | Reached skill level 1 in Slings
  2062 | D:2      | Reached skill level 1 in Bows
  2062 | D:2      | Reached skill level 1 in Crossbows
  2062 | D:2      | Reached skill level 1 in Throwing
  2062 | D:2      | Reached skill level 1 in Armour
  2062 | D:2      | Reached skill level 1 in Dodging
  2062 | D:2      | Reached skill level 1 in Stealth
  2062 | D:2      | Reached skill level 1 in Shields
  2062 | D:2      | Reached skill level 1 in Unarmed Combat
  2062 | D:2      | Reached skill level 1 in Evocations
  2300 | D:2      | Reached XP level 4. HP: 40/41 MP: 8/8
  2704 | D:3      | Identified the +6 mace "Nestrire" {holy, Int-2 Dex+4 SInv}
  2709 | D:3      | Found a runed translucent door.
  2710 | D:3      | Noticed Crazy Yiuf
  2950 | D:3      | Reached skill level 1 in Conjurations
  2950 | D:3      | Reached skill level 1 in Hexes
  2950 | D:3      | Reached skill level 1 in Summonings
  2950 | D:3      | Reached skill level 1 in Necromancy
  2950 | D:3      | Reached skill level 1 in Translocations
  2950 | D:3      | Reached skill level 1 in Transmutations
  2950 | D:3      | Reached skill level 1 in Ice Magic
  2950 | D:3      | Reached skill level 1 in Air Magic
  2950 | D:3      | Reached skill level 1 in Earth Magic
  2950 | D:3      | Reached skill level 1 in Poison Magic
  3490 | D:3      | Killed Crazy Yiuf
  3491 | D:3      | Reached XP level 5. HP: 47/47 MP: 6/9
  3945 | D:4      | Found a staircase to the Ecumenical Temple.
  4112 | D:4      | Reached XP level 6. HP: 46/53 MP: 9/11
  4428 | D:5      | Entered Level 5 of the Dungeon
  4809 | D:5      | Noticed an ice beast
  4829 | D:5      | Killed an ice beast
  4966 | D:5      | Noticed a troll
  4975 | D:5      | Killed a troll
  4976 | D:5      | Reached XP level 7. HP: 60/60 MP: 3/12
  5622 | D:6      | Reached XP level 8. HP: 67/67 MP: 11/14
  5711 | D:6      | Learned a level 1 spell: Apportation
  5846 | D:6      | Noticed Edmund
  5867 | D:6      | Killed Edmund
  6735 | D:7      | Reached XP level 9. HP: 71/72 MP: 16/16
  6874 | D:7      | Found a shadowy altar of Dithmenos.
  7109 | D:7      | Reached skill level 5 in Spellcasting
  7571 | D:8      | Reached skill level 5 in Invocations
  7664 | D:8      | Found a snail-covered altar of Cheibriados.
  7732 | D:8      | Found a glowing silver altar of Zin.
  7864 | D:9      | Noticed a hornet
  7874 | D:9      | Paralysed by a hornet for 3 turns
  7877 | D:9      | Killed a hornet
  7878 | D:9      | Reached XP level 10. HP: 8/80 MP: 18/18
  7996 | D:9      | Reached skill level 5 in Long Blades
  7996 | D:9      | Reached skill level 5 in Axes
  7996 | D:9      | Reached skill level 5 in Maces & Flails
  7996 | D:9      | Reached skill level 5 in Polearms
  7996 | D:9      | Reached skill level 5 in Staves
  7996 | D:9      | Reached skill level 5 in Slings
  7996 | D:9      | Reached skill level 5 in Bows
  7996 | D:9      | Reached skill level 5 in Crossbows
  7996 | D:9      | Reached skill level 5 in Throwing
  7996 | D:9      | Reached skill level 5 in Armour
  7996 | D:9      | Reached skill level 5 in Dodging
  7996 | D:9      | Reached skill level 5 in Stealth
  7996 | D:9      | Reached skill level 5 in Shields
  7996 | D:9      | Reached skill level 5 in Unarmed Combat
  7996 | D:9      | Reached skill level 5 in Evocations
  8057 | D:9      | You fall into a shaft and drop 3 floors!
  8057 | D:12     | Noticed a two-headed ogre
  8063 | D:12     | Killed a two-headed ogre
  8277 | D:11     | Found a runed translucent gate.
  8278 | D:11     | Found a runed translucent gate.
  8279 | D:11     | Found a runed translucent gate.
  8282 | D:11     | Noticed Psyclone's ghost (journeyman OpIE)
  8353 | D:11     | Noticed Josephine
  8375 | D:11     | Killed Josephine
  8515 | D:10     | Entered Level 10 of the Dungeon
  8515 | D:10     | Noticed Maggie
  8525 | D:10     | Killed Maggie
  8616 | D:10     | Found a staircase to the Orcish Mines.
  8640 | D:10     | Reached XP level 11. HP: 49/87 MP: 20/20
  8744 | D:10     | Noticed a two-headed ogre
  8751 | D:10     | Killed a two-headed ogre
  9002 | D:10     | Found a hazy altar of Hepliaklqana.
  9040 | D:10     | Reached skill level 5 in Conjurations
  9040 | D:10     | Reached skill level 5 in Hexes
  9040 | D:10     | Reached skill level 5 in Summonings
  9040 | D:10     | Reached skill level 5 in Necromancy
  9040 | D:10     | Reached skill level 5 in Translocations
  9040 | D:10     | Reached skill level 5 in Transmutations
  9040 | D:10     | Reached skill level 5 in Ice Magic
  9040 | D:10     | Reached skill level 5 in Air Magic
  9040 | D:10     | Reached skill level 5 in Earth Magic
  9040 | D:10     | Reached skill level 5 in Poison Magic
  9116 | D:10     | Found a staircase to the Lair.
  9728 | D:10     | Identified a scroll of acquirement
  9728 | D:10     | Acquired a +0 helmet of see invisible
  9814 | D:11     | Learned a level 6 spell: Statue Form
 10105 | D:11     | Learned a level 5 spell: Lee's Rapid Deconstruction
 10148 | Lair:1   | Entered Level 1 of the Lair of Beasts
 10322 | Lair:1   | Found a runed translucent door.
 10324 | Lair:1   | Noticed frimble's ghost (journeyman GnCA)
 11017 | Lair:2   | Noticed a swamp dragon
 11017 | Lair:2   | Noticed a seven-headed hydra
 11019 | Lair:2   | Found a staircase to the Swamp.
 11039 | Lair:2   | Killed a three-headed hydra
 11221 | Lair:2   | Found a large runed translucent door.
 11221 | Lair:2   | Found a large runed translucent door.
 11262 | Lair:2   | Killed a swamp dragon
 11263 | Lair:2   | Reached XP level 12. HP: 17/96 MP: 19/23
 11528 | Lair:2   | Noticed a dire elephant
 11541 | Lair:2   | Killed a dire elephant
 11685 | Lair:2   | Noticed diecastcamel's ghost (journeyman TrFi)
 11772 | Lair:2   | HP: 2/97 [cane toad (12)]
 11867 | Lair:2   | Found a hole to the Spider Nest.
 12039 | Temple   | Entered the Ecumenical Temple
 12294 | D:8      | Fell from the grace of Ignis
 12294 | D:8      | Became a worshipper of Cheibriados the Contemplative
 12389 | D:9      | Found a hide-covered altar of Uskayaw.
 12427 | D:9      | Found a glowing golden altar of the Shining One.
 13000 | D:9      | Reached * piety under Cheibriados
 13173 | Orc:1    | Entered Level 1 of the Orcish Mines
 13173 | Orc:1    | Found Huufesm's General Store.
 13230 | Orc:1    | Noticed Erolcha
 13361 | D:11     | Reached skill level 10 in Fighting
 13361 | D:11     | Reached skill level 10 in Short Blades
 13445 | D:11     | Mangled by a fire elemental

Illustrated notes

Levels and vault maps discovered:
D:1:      lightli_arrival_windingriver, layout_loops_corners,
          basic_ecumenical_altar
D:2:      layout_basic, bh_walls_and_bars
D:3:      layout_basic, grunt_ministairs_10, uniq_crazy_yiuf_cottage
D:4:      layout_loops_ring, minmay_temple_entry_statues_fountains
D:5:      layout_loops_corners
D:6:      layout_gridville, uniq_edmund
D:7:      layout_loops_ring, mainiacjoe_overflow_concentric_impassable
D:8:      layout_rooms, overflow_temple_1_default, zin_treasury, moated_statue
D:9:      layout_basic, mainiacjoe_overflow_surrounded_room,
          kennysheep_little_box
D:10:     layout_layer_cave, mainiacjoe_overflow_paths, erik_lair_island,
          orc_0_dummy, uniq_maggie
D:11:     layout_basic, gammafunk_ghost_spectres, minivault_25_ag,
          minmay_rotating_lava, uniq_josephine
D:12:     layout_loops_ring
Temple:   nicolae_temple_elliptical
Lair:1:   layout_gridlike, ebering_ghost_inner_flame,
          infiniplex_staircase_pool_2, serial_bayou_shore_b,
          serial_bayou_shore_a
Lair:2:   layout_roguey, minmay_swamp_entry_reptiles,
          spider_nest_entry_funnel_web, ebering_ghost_disaster_area,
          nicolae_lair_grazing_beasts [nicolae_sub_lair_graze_edge,
          nicolae_sub_lair_graze_edge, nicolae_sub_lair_graze_edge,
          nicolae_sub_lair_graze_edge]
Orc:1:    layout_caves, basic_altar, nicolae_specific_store, uniq_snorg,
          uniq_maurice, uniq_erolcha, uniq_harold

Skill      XL: |  1  2  3  4  5  6  7  8  9 10 11 12 |
---------------+-------------------------------------+-----
Invocations    | 1 2 3 4 5 6 7 8 |  8.1
Long Blades    | 1 2 3 4 5 6 7 |  7.4
Axes           | 1 2 3 4 5 6 7 |  7.4
Maces & Flails | 1 2 3 4 5 6 7 |  7.4
Polearms       | 1 2 3 4 5 6 7 |  7.4
Staves         | 1 2 3 4 5 6 7 |  7.4
Slings         | 1 2 3 4 5 6 7 |  7.4
Bows           | 1 2 3 4 5 6 7 |  7.4
Crossbows      | 1 2 3 4 5 6 7 |  7.4
Throwing       | 1 2 3 4 5 6 7 |  7.4
Armour         | 1 2 3 4 5 6 7 |  7.4
Dodging        | 1 2 3 4 5 6 7 |  7.4
Stealth        | 1 2 3 4 5 6 7 |  7.4
Shields        | 1 2 3 4 5 6 7 |  7.4
Unarmed Combat | 1 2 3 4 5 6 7 |  7.4
Evocations     | 1 2 3 4 5 6 7 |  7.4
Spellcasting   | 3 4 5 6 7 8 |  8.0
Conjurations   | 1 2 3 4 5 6 |  6.1
Hexes          | 1 2 3 4 5 6 |  6.1
Summonings     | 1 2 3 4 5 6 |  6.1
Necromancy     | 1 2 3 4 5 6 |  6.1
Translocations | 1 2 3 4 5 6 |  6.1
Transmutations | 1 2 3 4 5 6 |  6.1
Ice Magic      | 1 2 3 4 5 6 |  6.1
Air Magic      | 1 2 3 4 5 6 |  6.1
Earth Magic    | 1 2 3 4 5 6 |  6.1
Poison Magic   | 1 2 3 4 5 6 |  6.1
Fighting       | 7 8 9 10 | 10.0
Short Blades   | 7 8 9 10 | 10.0
Fire Magic     | 6 7 8 |  8.3

Action                   |  1- 3 |  4- 6 |  7- 9 | 10-12 || total
-------------------------+-------+-------+-------+-------++-------
Melee: Short sword       |   146 |    23 |       |       ||   169
       Bite              |    14 |     8 |    17 |    69 ||   108
       Punch             |     1 |     1 |     4 |    25 ||    31
       Mace              |       |    72 |   153 |   112 ||   337
       Scimitar          |       |       |       |   414 ||   414
Throw: Dart              |       |     2 |       |     2 ||     4
 Cast: Scorch            |     3 |    12 |    30 |    33 ||    78
       Apportation       |       |       |       |     2 ||     2
       Lee's Rapid Decon |       |       |       |     1 ||     1
Invok: Fiery Armour      |       |       |     1 |     3 ||     4
       Foxfire Swarm     |       |       |       |     1 ||     1
Evoke: Wand              |       |       |     6 |    28 ||    34
       Lightning rod     |       |       |       |     1 ||     1
       Phantom mirror    |       |       |       |     1 ||     1
  Use: Scroll            |     3 |     6 |     8 |     6 ||    23
       Potion            |       |       |       |     8 ||     8
 Stab: Sleeping          |     1 |     5 |     5 |     2 ||    13
Armor: Robe              |    39 |    23 |       |       ||    62
       Troll leather arm |       |       |    61 |   317 ||   378
Dodge: Dodged            |    89 |    52 |   141 |   514 ||   796

Table legend: (Time is in decaauts)
 A = Elapsed time spent in this place.
 B = Non-inter-level travel time spent in this place.
 C = Inter-level travel time spent in this place.
 D = Time resting spent in this place.
 E = Time spent auto-exploring this place.
 F = Levels seen in this place.
 G = Mean time per level.
                   A        B        C        D        E       F      G
               +--------+--------+--------+--------+--------+-----+--------+
         Total |  13817 |  13152 |    665 |    186 |  10543 |  16 |  863.6 |
       Dungeon |  11924 |  11329 |    595 |    186 |   9213 |  12 |  993.7 |
        Temple |    160 |    133 |     27 |      0 |    119 |   1 |  160.0 |
          Lair |   1722 |   1681 |     41 |      0 |   1211 |   2 |  861.0 |
  Orcish Mines |      9 |      9 |      0 |      0 |      0 |   1 |    9.0 |
               +--------+--------+--------+--------+--------+-----+--------+

Top non-repeatable levels by time:
    D:10: 1543 daAuts
     D:5: 1244 daAuts
     D:9: 1223 daAuts
     D:2: 1182 daAuts
     D:1: 1168 daAuts
     D:3: 1152 daAuts
    D:11: 939 daAuts
     D:6: 934 daAuts
     D:4: 923 daAuts
     D:7: 913 daAuts
  Lair:2: 885 daAuts
  Lair:1: 837 daAuts
     D:8: 621 daAuts
  Temple: 160 daAuts
    D:12: 76 daAuts
